 Dungeon Crawl Stone Soup version 0.28.0-43-g3370ac3207 (webtiles) character file.

Game seed: 17808840390639272784

12142 AlmostDecent the Severer (level 11, -5/71 HPs)
             Began as a Tengu Fighter on Apr 2, 2022.
             Was a High Priest of Okawaru.
             Slain by a thrashing horror (6 damage)
             ... on level 2 of the Abyss.
             The game lasted 00:35:41 (10925 turns).

AlmostDecent the Severer (Tengu Fighter)           Turns: 10925, Time: 00:35:42

Health: -5/71      AC: 19    Str: 27    XL:     11   Next: 88%
Magic:  0/13       EV:  9    Int:  8    God:    Okawaru [*****.]
Gold:   401        SH:  6    Dex: 20    Spells: 10/10 levels left

rFire   . . .      SeeInvis .   A - +2 war axe (venom)
rCold   . . .      Faith    .   c - +0 buckler
rNeg    . . .      Spirit   +   v - +0 plate armour
rPois   .          Reflect  .   t - +2 hat
rElec   .          Harm     .   h - +2 cloak
rCorr   .          Rampage  .   s - +0 pair of gloves
Will    .....                   (boots unavailable)
Stlth   ..........              j - amulet of guardian spirit
HPRegen 0.00/turn               u - +6 ring of dexterity
MPRegen 0.13/turn               m - +6 ring of strength

@: sick, flying quickly and evasively, studying Fighting, quick
A: beak, talons 3, nimble flight
a: Renounce Religion, Heroism, Finesse, Duel


You were on level 2 of the Abyss.
You worshipped Okawaru.
Okawaru was extremely pleased with you.
You visited 2 branches of the dungeon, and saw 11 of its levels.
You visited the Abyss 1 time.
You also visited: Sewer.

You collected 401 gold pieces.

Inventory:

Hand Weapons
 a - a +0 war axe of flaming
 e - a +1 vorpal hand crossbow
 A - a +2 war axe of venom (weapon)
Missiles
 p - 71 bolts
Armour
 c - a +0 buckler (worn)
 h - a +2 cloak (worn)
 q - a +3 scale mail of willpower
 s - a +0 pair of gloves (worn)
 t - a +2 hat (worn)
 v - a +0 plate armour (worn)
Jewellery
 i - a ring of resist corrosion
 j - an amulet of guardian spirit (around neck)
 k - a ring of magical power
 m - a +6 ring of strength (right hand)
 r - a ring of protection from fire
 u - a +6 ring of dexterity (left hand)
Wands
 b - a wand of polymorph (3)
 d - a wand of iceblast (9)
 f - a wand of acid (19)
 w - a wand of paralysis (7)
 y - a wand of mindburst (7)
Scrolls
 g - 2 scrolls of brand weapon
 l - a scroll of immolation
 n - 2 scrolls of enchant armour
 B - a scroll of identify
Potions
 z - 2 potions of mutation
 C - a potion of brilliance


   Skills:
 + Level 9.5 Fighting
 * Level 16.6 Axes
 - Level 6.7 Armour
 - Level 2.2 Dodging
 + Level 0.5 Stealth
 - Level 5.2 Shields
 + Level 2.1 Invocations


You had 10 spell levels left.
You didn't know any spells.
Your spell library contained the following spells:

 Spells                   Type           Power      Damage    Failure   Level
 Apportation              Tloc           0%         N/A       99%         1
 Beastly Appendage        Tmut           0%         N/A       99%         1
 Magic Dart               Conj           0%         1d3       99%         1
 Pain                     Necr           0%         1d4       99%         1
 Sting                    Tmut/Pois      0%         1d3       99%         1
 Corpse Rot               Necr/Air       0%         N/A       100%        2
 Poisonous Vapours        Pois/Air       0%         N/A       100%        2
 Searing Ray              Conj           0%         2d4       100%        2
 Wereblood                Tmut           0%         N/A       100%        2
 Spider Form              Tmut/Pois      0%         N/A       100%        3
 Teleport Other           Tloc           0%         N/A       100%        3
 Vampiric Draining        Necr           0%         2d6       100%        3
 Dispel Undead            Necr           0%         3d6       100%        4
 Fulminant Prism          Conj/Hex       0%         3d6       100%        4
 Iskenderun's Mystic Bla  Conj/Tloc      0%         2d3       100%        4
 Olgreb's Toxic Radiance  Pois           0%         N/A       100%        4
 Alistair's Intoxication  Tmut/Pois      0%         N/A       100%        5
 Borgnjor's Vile Clutch   Necr/Erth      0%         N/A       100%        5
 Manifold Assault         Tloc           0%         N/A       100%        5
 Dispersal                Tloc           0%         N/A       100%        6
 Eringya's Noxious Bog    Tmut/Pois      0%         N/A       100%        6
 Disjunction              Tloc           0%         N/A       100%        8
 Chain Lightning          Conj/Air       0%         N/A       100%        9
 Fire Storm               Conj/Fire      0%         5d1       100%        9
 Shatter                  Erth           0%         3d5*      100%        9
 Animate Skeleton         Necr           Unusable   N/A       N/A         1
 Death Channel            Necr           Unusable   N/A       N/A         6
 Malign Gateway           Summ/Tloc      Unusable   N/A       N/A         7

Dungeon Overview and Level Annotations

Branches:
Dungeon (10/15)            Temple (1/1) D:6            Lair (0/6) D:9
  Sewer (visited)
    Orc: D:9-12

Altars:
Cheibriados
Dithmenos
Elyvilon
Fedhas
Gozag
Hepliaklqana
Kikubaaqudgha
Makhleb
Nemelex Xobeh
Okawaru
Qazlal
Sif Muna
Trog
Uskayaw
Wu Jian
Xom
Yredelemnul
The Shining One

Shops:
D:3 !

Annotations:
D:10 Erolcha


Innate Abilities, Weirdness & Mutations

You have a beak for a mouth.
You have claws for feet.
Your magical nature lets you fly swiftly and evasively.


Message History

The spatial maelstrom hits you!
* * * LOW HITPOINT WARNING * * *
Space warps horribly around you!
* * * LOW HITPOINT WARNING * * *
Okay, then.
Blink to where?
Press: ? - help, Dir - move target
As you read the scroll of blinking, it crumbles to dust.
A thrashing horror comes into view.
A small abomination comes into view.
The thrashing horror moves out of view.
The thrashing horror roars!
You block the thrashing horror's attack.
The thrashing horror barely misses you.
The thrashing horror roars!
You hear a shout!
The thrashing horror barely misses you.
You block the thrashing horror's attack.
A sun demon comes into view.
You block the thrashing horror's attack.
The thrashing horror tramples you but does no damage.
The thrashing horror roars!
The thrashing horror tramples you but does no damage.
The thrashing horror closely misses you.
The thrashing horror roars!
You block the thrashing horror's attack. x2
The thrashing horror roars!
The thrashing horror tramples you.
* * * LOW HITPOINT WARNING * * *
You hold your ground!
The thrashing horror barely misses you.
Okay, then.
Okay, then.
Okay, then.
The thrashing horror roars!
You block the thrashing horror's attack. x2
A spatial vortex comes into view.
The thrashing horror tramples you but does no damage. x2
A spatial vortex comes into view.
The thrashing horror roars!
The thrashing horror tramples you but does no damage.
The thrashing horror tramples you!
You die... v

##.#....#
###.###.# .#
##....#..##..
#.....x.#..##
#
#v#.3#.3#§..#
#.#v.# #§####
#.#x###§##
#.X#.# ##
#@#....#
#.....#.#
.##..## .. ..
#..# .# #.#
##.. . #. .#.
.. . ..


You could see a spatial maelstrom, a sun demon, a spatial vortex, a thrashing
horror, a worldbinder and a small abomination.

Vanquished Creatures
  Gastronok (D:9)
  A boulder beetle (D:8)
  A centaur warrior (D:9)
  Erica (D:9)
  A two-headed ogre (D:9)
  A tengu warrior (D:9)
  A deep elf pyromancer (D:9)
  3 manticores
  Maurice (D:8)
  2 centaur zombies
  A smoke demon (Abyss:2)
  2 trolls
  Grinder (D:3)
  2 slime creatures (D:9)
  A raiju (Abyss:2)
  A large abomination (Abyss:2)
  A vampire (D:9)
  3 wyverns
  2 yaks (D:9)
  Eustachio (D:4)
  3 water moccasins
  3 small abominations (Abyss:2)
  2 orc warriors
  2 sky beasts (D:7)
  3 black bears
  A hornet zombie (D:8)
  2 necrophages
  2 ogres
  4 centaurs
  A phantom (D:7)
  5 kobold brigands
  7 bullfrogs
  A scorpion (D:5)
  5 killer bees (D:8)
  A howler monkey (D:3)
  5 wights
  2 bullfrog zombies (D:7)
  3 jellies
  3 hounds
  7 orc priests
  A centaur skeleton (D:5)
  Natasha (thrice) (D:3)
  3 iguanas
  9 orc wizards
  2 killer bee zombies
  A howler monkey zombie (D:9)
  7 adders
  6 gnolls
  3 river rats (Sewer)
  A shadow imp (D:7)
  A white imp (D:6)
  A worm (D:3)
  2 dart slugs
  21 orcs
  6 endoplasms
  4 giant cockroaches
  6 goblins
  4 hobgoblins
  5 jackals
  28 kobolds
  2 quokkas
  4 ball pythons
  5 frilled lizards
  6 rats
221 creatures vanquished.

Vanquished Creatures (others)
  A hydra (D:9)
  A bullfrog (D:9)
  An orc wizard (D:8)
  48 fungi (D:9)
  39 plants (D:9)
  9 starspawn tentacles (Abyss:2)
99 creatures vanquished.

Grand Total: 320 creatures vanquished

Notes
Turn   | Place    | Note
-------+----------+-------------------------------------------
     0 | D:1      | AlmostDecent the Tengu Fighter began the quest for the Orb.
     0 | D:1      | Reached XP level 1. HP: 14/14 MP: 2/2
   714 | D:1      | Reached XP level 2. HP: 17/19 MP: 3/3
   917 | D:1      | Found a faded altar of an unknown god.
  1285 | D:2      | Reached skill level 3 in Axes
  1285 | D:2      | Reached XP level 3. HP: 13/23 MP: 4/4
  1303 | D:2      | Reached XP level 4. HP: 16/28 MP: 5/5
  1980 | D:3      | Reached skill level 4 in Axes
  2149 | D:3      | Noticed Grinder
  2156 | D:3      | Killed Grinder
  2157 | D:3      | Reached skill level 5 in Axes
  2157 | D:3      | Gained mutation: Your magical nature lets you fly swiftly
                  | and evasively. [Tengu growth]
  2157 | D:3      | Reached XP level 5. HP: 5/32 MP: 6/6
  2157 | D:3      | Reached XP level 6. HP: 5/37 MP: 7/7
  2475 | D:3      | Noticed Natasha
  2482 | D:3      | Killed Natasha
  2687 | D:3      | Noticed Natasha
  2691 | D:3      | Killed Natasha
  2692 | D:3      | Reached skill level 6 in Axes
  2725 | D:3      | Noticed Natasha
  2729 | D:3      | Killed Natasha
  2783 | D:3      | Found a burning altar of Makhleb.
  2783 | D:3      | Found a glowing golden altar of the Shining One.
  2918 | D:3      | Found Moil's Distillery.
  2928 | D:3      | Got the Collected Works on Translocation
  3132 | D:4      | Reached skill level 1 in Dodging
  3132 | D:4      | Reached XP level 7. HP: 42/42 MP: 8/8
  3219 | D:4      | Found a shadowy altar of Dithmenos.
  3219 | D:4      | Found a shimmering blue altar of Sif Muna.
  3264 | D:4      | Found a snail-covered altar of Cheibriados.
  3437 | D:4      | Noticed Eustachio
  3452 | D:4      | Killed Eustachio
  3453 | D:4      | Reached skill level 7 in Axes
  3738 | D:5      | Entered Level 5 of the Dungeon
  3769 | D:5      | Reached skill level 8 in Axes
  3776 | D:5      | Reached XP level 8. HP: 32/48 MP: 9/9
  3954 | D:5      | Reached skill level 5 in Armour
  4151 | D:5      | Reached skill level 9 in Axes
  4330 | D:5      | Found a blossoming altar of Fedhas.
  4499 | D:5      | You are sucked into a shaft and drop 3 floors!
  4611 | D:7      | Reached skill level 10 in Axes
  4644 | D:7      | Reached XP level 9. HP: 44/52 MP: 10/10
  4741 | D:7      | Reached skill level 11 in Axes
  4895 | D:6      | Found a staircase to the Ecumenical Temple.
  4929 | Temple   | Entered the Ecumenical Temple
  5113 | Temple   | Became a worshipper of Warmaster Okawaru
  5161 | D:6      | Found a glowing drain.
  5183 | Sewer    | Entered a sewer
  5506 | Sewer    | Found a white marble altar of Elyvilon.
  6305 | D:6      | Reached skill level 5 in Fighting
  6475 | D:7      | Found a bloodstained altar of Trog.
  6535 | D:7      | Reached skill level 5 in Shields
  6548 | D:7      | Reached * piety under Okawaru
  6549 | D:7      | Reached skill level 12 in Axes
  6776 | D:7      | Reached XP level 10. HP: 51/58 MP: 8/11
  7039 | D:7      | Found an ornate altar of the Wu Jian Council.
  7646 | D:8      | Reached skill level 13 in Axes
  8009 | D:8      | Reached ** piety under Okawaru
  8288 | D:8      | Noticed Maurice
  8293 | D:8      | Killed Maurice
  8504 | D:9      | Noticed Gastronok
  8518 | D:9      | Killed Gastronok
  8518 | D:9      | Reached *** piety under Okawaru
  8519 | D:9      | Reached skill level 14 in Axes
  8632 | D:9      | Noticed a manticore
  8632 | D:9      | Noticed a tengu warrior
  8632 | D:9      | Noticed a two-headed ogre
  8632 | D:9      | Noticed a boulder beetle
  8633 | D:9      | Noticed a deep elf pyromancer
  8637 | D:9      | Noticed a six-headed hydra
  8644 | D:9      | Noticed a centaur warrior
  8651 | D:9      | Killed a six-headed hydra
  8674 | D:8      | Killed a manticore
  8675 | D:8      | Reached XP level 11. HP: 47/67 MP: 10/12
  8679 | D:8      | Killed a boulder beetle
  8679 | D:8      | Reached **** piety under Okawaru
  8680 | D:8      | Reached skill level 1 in Invocations
  8925 | D:9      | Killed a tengu warrior
  8926 | D:9      | Reached skill level 15 in Axes
  8937 | D:9      | HP: 3/68 [centaur warrior/arrow (7)]
  8944 | D:9      | Killed a centaur warrior
  8950 | D:9      | Killed a deep elf pyromancer
  9496 | D:9      | Noticed a manticore
  9529 | D:9      | Killed a manticore
  9544 | D:9      | Noticed a manticore
  9579 | D:9      | Killed a manticore
  9701 | D:9      | Noticed Erica
  9865 | D:9      | Killed Erica
  9865 | D:9      | Reached ***** piety under Okawaru
  9866 | D:9      | Reached skill level 16 in Axes
  9978 | D:9      | Killed a two-headed ogre
 10291 | D:9      | Found a staircase to the Lair.
 10673 | D:10     | Entered Level 10 of the Dungeon
 10673 | D:10     | Noticed Erolcha
 10680 | D:10     | Cast into level 2 of the Abyss (Erolcha)
 10831 | Abyss:2  | Noticed a tentacled starspawn
 10884 | Abyss:2  | Noticed a large abomination
 10905 | Abyss:2  | Noticed a spatial maelstrom
 10908 | Abyss:2  | Noticed a worldbinder
 10912 | Abyss:2  | HP: 2/71 [spatial maelstrom (13)]
 10913 | Abyss:2  | Noticed a thrashing horror
 10920 | Abyss:2  | Noticed a sun demon
 10923 | Abyss:2  | HP: 1/71 [thrashing horror (1)]
 10925 | Abyss:2  | Slain by a thrashing horror

Illustrated notes

Levels and vault maps discovered:
D:1:      nicolae_arrival_somewhat_less_tricky_arrival, layout_loops_corners,
          hellmonk_ecumenical_altar_prayer_group
D:2:      layout_loops_ring
D:3:      layout_basic, gammafunk_temple_overflow_wave, serial_shops,
          nicolae_shop_crystal, uniq_grinder, uniq_natasha
D:4:      layout_rooms, nicolae_overflow_crystal_walls,
          chequers_temple_overflow_statue_of_worship, minmay_box_of_dots,
          uniq_eustachio
D:5:      layout_loops_cross, lemuel_doored_altar
D:6:      layout_gridville, minmay_temple_entry_arrows, gup_sewer_entry_glass
D:7:      layout_basic, kennysheep_mini_moat,
          mainiacjoe_overflow_six_doors_small, enter_bailey_8,
          minmay_manual_mandibuliform
D:8:      layout_loops_corners, uniq_maurice
D:9:      layout_basic, due_lair_maze_entry_diamond, minivault_28,
          uniq_gastronok, uniq_erica
D:10:     layout_basic, zin_purify, nicolae_ru_path_of_blood, serial_glass,
          glass_columns_b, glass_columns_a, amcnicky_mini_corridor_feature,
          nicolae_concentric_dashed_squares_wild, uniq_erolcha
Temple:   nicolae_temple_hex_pool
Abyss:2:  base: D:1, hangedman_elemental_corridor, minivault_1

Skill      XL: |  1  2  3  4  5  6  7  8  9 10 11 |
---------------+----------------------------------+-----
Axes           | 3 5 6 8 10 12 14 16 | 16.6
Armour         | 4 5 6 |  6.7
Dodging        | 1 2 |  2.2
Fighting       | 4 5 7 9 |  9.5
Shields        | 4 5 |  5.2
Invocations    | 2 |  2.1
Stealth        | |  0.5

Action                   |  1- 3 |  4- 6 |  7- 9 | 10-12 || total
-------------------------+-------+-------+-------+-------++-------
Melee: War axe           |    51 |    82 |   263 |   231 ||   627
       Kick              |     9 |    19 |    73 |    86 ||   187
       Peck              |     7 |     6 |    40 |    49 ||   102
Invok: Heroism           |       |       |     1 |    14 ||    15
       Finesse           |       |       |       |     1 ||     1
  Use: Potion            |     1 |     1 |     7 |    12 ||    21
       Scroll            |       |       |    13 |     5 ||    18
Armor: Scale mail        |    25 |    33 |    14 |       ||    72
       Plate armour      |       |       |    99 |   123 ||   222
       Skin              |       |       |    16 |       ||    16
Dodge: Dodged            |    23 |    25 |    97 |    96 ||   241
Block: Buckler           |    11 |    10 |    53 |    59 ||   133
